 Dungeon Crawl Stone Soup version 0.27-a0-346-ga689d4a (webtiles) character file.

Game seed: 15894615490674484990

1646 Toastz the Insei (level 8, -1/69 HPs)
             Began as a Black Draconian Transmuter on Feb 14, 2021.
             Was an Initiate of Sif Muna.
             Slain by a sky beast (6 damage)
             ... on level 5 of the Dungeon on Feb 15, 2021.
             The game lasted 00:35:42 (7739 turns).

Toastz the Insei (Black Draconian Transmuter)       Turns: 7739, Time: 00:35:42

Health: -1/69      AC:  2    Str: 12    XL:     8   Next: 67%
Magic:  12/15      EV: 24    Int: 13    God:    Sif Muna [......]
Gold:   327        SH:  0    Dex: 20    Spells: 10/16 levels left

rFire    . . .     SeeInvis .     - Unarmed
rCold    . . .     Faith    .   (shield currently unavailable)
rNeg     . . .     Spirit   .   (armour unavailable)
rPois    x         Reflect  .   (helmet currently unavailable)
rElec    .         Harm     .   (cloak currently unavailable)
rCorr    .         Rampage  .   (gloves currently unavailable)
Will     .....                  (boots currently unavailable)
Stlth    ++........             (no amulet)
HPRegen  0.21/turn              s - ring of flight
MPRegen  0.14/turn              (no ring)

@: spider-form
A: tiny, (breathe lightning), unfitting armour, AC +6
a: End Transformation, Renounce Religion, Evoke Flight


You were on level 5 of the Dungeon.
You worshipped Sif Muna.
Sif Muna was noncommittal.
You were a venomous arachnid creature.
You visited 1 branch of the dungeon, and saw 6 of its levels.

You collected 327 gold pieces.

Inventory:

Hand Weapons
 a - a +0 hunting sling of flaming
 w - a +0 longbow
Missiles
 e - 69 arrows
 m - 225 stones
 v - 12 poisoned darts (quivered)
Armour
 c - a +0 pair of gloves (melded)
Jewellery
 s - a ring of flight (left front leg)
Wands
 f - a wand of polymorph (5)
 u - a wand of acid (7)
Scrolls
 g - a scroll of random uselessness {unknown}
 i - 8 scrolls of identify {unknown}
 o - a scroll of enchant armour {unknown}
 q - a scroll of vulnerability {unknown}
Potions
 b - 2 potions of heal wounds
 d - 2 potions of cancellation {unknown}
 j - 3 potions of attraction {unknown}
 k - a potion of curing {unknown}
 l - a potion of might {unknown}
 n - a potion of ambrosia {unknown}
 p - a potion of brilliance {unknown}
 r - a potion of haste {unknown}
 t - a potion of berserk rage {unknown}


   Skills:
 + Level 5.4 Fighting
 + Level 4.8 Dodging
 + Level 5.7 Unarmed Combat
 + Level 4.8 Spellcasting
 + Level 5.2 Transmutations


You had 10 spell levels left.
You knew the following spells:

 Your Spells              Type           Power        Failure   Level
a - Beastly Appendage     Tmut           32%          9%          1
b - Wereblood             Tmut           16%          11%         2
c - Spider Form           Tmut/Pois      4%           38%         3

Your spell library contained the following spells:

 Spells                   Type           Power        Failure   Level
 Blade Hands              Tmut           8%           73%         5
 Ice Form                 Ice/Tmut       9%           75%         4


Dungeon Overview and Level Annotations

Branches:
Dungeon (6/15)
 Temple: D:4-7

Altars:
Cheibriados
Gozag
Sif Muna
Uskayaw
Yredelemnul


Innate Abilities, Weirdness & Mutations

((You can breathe wild blasts of lightning.))
((Your glossy black scales are hard. (AC +6)))
You cannot fit into any form of body armour.
((You are resistant to electric shocks. (rElec)))
((You are cold-blooded and may be slowed by cold attacks.))


Message History

Reactivating autopickup.
There is a stone staircase leading down here.
You hit the orc wizard but do no damage.
You claw the orc wizard.
Your tail-slap misses the orc wizard.
The orc wizard is lightly wounded.
The orc wizard hits you with a +0 dagger.
Something hits you. Something shocks you. You resist.
Deactivating autopickup; reactivate with Ctrl-A.
The orc priest closely misses you.
You barely miss the orc wizard.
The orc wizard is lightly wounded.
The orc wizard hits you with a +0 dagger.
Something closely misses you.
The orc priest invokes the aid of Beogh against you.
Beogh smites you!
You hit the orc wizard. You headbutt the orc wizard!
The orc wizard is almost dead.
Your transformation is almost over.
The orc wizard closely misses you. Something hits you but does no damage.
The orc priest closely misses you.
You hit the orc wizard but do no damage.
The orc wizard is almost dead.
The orc wizard misses you. Something hits you but does no damage.
The orc priest hits you but does no damage.
Casting: Beastly Appendage (safe; 2% risk of failure)
Confirm with . or Enter, or press ? or * to list all spells.
Your horns disappear.
Your talons disappear.
You turn into a venomous arachnid creature.
Your +0 pair of gloves melds into your body.
The orc wizard misses you. Something hits you. Something shocks you.
You closely miss the orc wizard.
The orc wizard is almost dead.
The orc priest mumbles some strange prayers to Beogh against you.
Pain shoots through your body!
* * * LOW HITPOINT WARNING * * *
The orc wizard hits you but does no damage.
Something hits you.
* * * LOW HITPOINT WARNING * * *
Something shocks you.
You die...

###.######....'..............
#.# #......#....#.........
#.# #.#.#..#....#........#
#.# #.#.#..#....#.......#.
#.# #.#.#..#....#..)...#..
#.# #.#.#).######......#..
#.####.#.#..######.........
#....#.#.#oo#....[.........
####.#.#.#s{'..............
#.#.#.####.......#######
#.#.#............#
#.#.######.......# #.#.#
#.......# #.#.# #.......#
#.#.#########'####
#.............#####
#####..........##...#


You could see an orc priest and an orc wizard.

Vanquished Creatures
  Pikel (D:5)
  Sigmund (D:3)
  Eustachio (D:5)
  2 steam dragons (D:5)
  An ogre (D:5)
  A centaur (D:5)
  A lemure (D:5)
  2 howler monkeys (D:4)
  A hound (D:4)
  An orc priest (D:5)
  2 bullfrog skeletons (D:5)
  Ijyb (D:4)
  Terence (D:2)
  An iguana (D:4)
  2 worker ants (D:4)
  2 adders
  A shadow imp (D:5)
  2 white imps
  An ufetubus (D:5)
  3 adder skeletons
  An adder zombie (D:5)
  2 worms
  6 dart slugs
  A leopard gecko (D:5)
  8 orcs
  A ball python (D:1)
  8 bats
  6 giant cockroaches
  10 goblins
  9 hobgoblins
  7 jackals
  4 frilled lizards
  A goblin skeleton (D:3)
  A jackal zombie (D:3)
  7 kobolds
  A kobold skeleton (D:3)
  A leopard gecko skeleton (D:5)
  3 rats
105 creatures vanquished.

Vanquished Creatures (others)
  21 fungi (D:5)
21 creatures vanquished.

Grand Total: 126 creatures vanquished

Notes
Turn   | Place    | Note
-------+----------+-------------------------------------------
     0 | D:1      | Toastz the Draconian Transmuter began the quest for the
                  | Orb.
     0 | D:1      | Reached XP level 1. HP: 16/16 MP: 3/3
   245 | D:1      | Reached XP level 2. HP: 13/23 MP: 3/5
   712 | D:1      | Learned a level 2 spell: Wereblood
   856 | D:1      | Reached XP level 3. HP: 29/29 MP: 4/6
  1304 | D:1      | Learned a level 3 spell: Spider Form
  1407 | D:2      | Noticed Terence
  1443 | D:2      | Killed Terence
  1444 | D:2      | Reached XP level 4. HP: 36/36 MP: 7/7
  1893 | D:2      | Found an opulent altar of Gozag.
  2177 | D:2      | You fall into a shaft and drop 1 floor!
  2189 | D:3      | Noticed Sigmund
  2345 | D:3      | Noticed a human
  2346 | D:3      | Found a runed translucent door.
  2365 | D:3      | Found a basalt altar of Yredelemnul.
  3551 | D:3      | Killed Sigmund
  3552 | D:3      | Reached XP level 5. HP: 8/45 MP: 3/9
  3552 | D:3      | Reached XP level 6. HP: 9/51 MP: 3/10
  4412 | D:4      | Upgraded the game from 0.27-a0-344-gae24eb6 to
                  | 0.27-a0-346-ga689d4a
  4460 | D:4      | Found a snail-covered altar of Cheibriados.
  5325 | D:5      | Entered Level 5 of the Dungeon
  5404 | D:5      | Your scales start taking on a glossy black colour.
  5404 | D:5      | Reached XP level 7. HP: 50/58 MP: 5/12
  5404 | D:5      | Gained mutation: You are resistant to electric shocks.
                  | (rElec) [Black Draconian growth]
  5496 | D:5      | Noticed Eustachio
  5506 | D:5      | Noticed Ijyb
  5521 | D:4      | Killed Ijyb
  6390 | D:5      | Killed Eustachio
  6516 | D:5      | Noticed a steam dragon
  6529 | D:5      | Killed a steam dragon
  6794 | D:5      | Noticed Pikel
  6823 | D:5      | Killed Pikel
  6824 | D:5      | Reached skill level 5 in Fighting
  6824 | D:5      | Reached skill level 5 in Unarmed Combat
  6824 | D:5      | Reached XP level 8. HP: 27/68 MP: 7/14
  7171 | D:5      | Reached skill level 5 in Transmutations
  7268 | D:5      | Found a hide-covered altar of Uskayaw.
  7272 | D:5      | Found a shimmering blue altar of Sif Muna.
  7302 | D:5      | Became a worshipper of Sif Muna the Loreminder
  7739 | D:5      | Slain by a sky beast

Illustrated notes

Levels and vault maps discovered:
D:1:      psy_arrival_dodecagon, layout_loops_ring
D:2:      layout_loops_corners, general_overflow_altar, uniq_terence
D:3:      layout_loops_corners, dk_yredelemnul_ordeal, uniq_sigmund
D:4:      layout_loops_cross, kennysheep_slug_shrine
D:5:      kennysheep_steamy, layout_basic,
          chequers_temple_overflow_statue_of_worship, minmay_misc_feat_chi,
          uniq_eustachio, uniq_pikel, uniq_ijyb
D:6:      layout_basic, kennysheep_small_circle

Skill      XL: |  1  2  3  4  5  6  7  8 |
---------------+-------------------------+-----
Dodging        | 2 3 4 |  4.8
Fighting       | 2 3 5 |  5.4
Unarmed Combat | 4 5 |  5.7
Spellcasting   | 3 4 |  4.8
Transmutations | 3 4 5 |  5.2

Action                   |  1- 3 |  4- 6 |  7- 9 || total
-------------------------+-------+-------+-------++-------
Melee: Unarmed           |    98 |   161 |   123 ||   382
       Kick              |    18 |    21 |    17 ||    56
       Headbutt          |     5 |     6 |    10 ||    21
       Tailslap          |     7 |    21 |     7 ||    35
       Punch             |       |     3 |       ||     3
 Fire: Longbow           |       |    17 |     2 ||    19
Throw: Stone             |    26 |    20 |     4 ||    50
       Dart              |       |       |     7 ||     7
 Cast: Beastly Appendage |    22 |    15 |     9 ||    46
       Wereblood         |     1 |     2 |     2 ||     5
       Spider Form       |       |     2 |     8 ||    10
Evoke: Wand              |       |     1 |       ||     1
  Use: Scroll            |       |     1 |     1 ||     2
       Potion            |       |       |     1 ||     1
 Stab: Sleeping          |       |     3 |       ||     3
Armor: Skin              |    22 |    40 |    28 ||    90
Dodge: Dodged            |    51 |   110 |   100 ||   261

Table legend: (Time is in decaauts)
 A = Elapsed time spent in this place.
 B = Non-inter-level travel time spent in this place.
 C = Inter-level travel time spent in this place.
 D = Time resting spent in this place.
 E = Time spent auto-exploring this place.
 F = Levels seen in this place.
 G = Mean time per level.
                   A        B        C        D        E       F      G
               +--------+--------+--------+--------+--------+-----+--------+
         Total |   7728 |   7458 |    270 |   1529 |   4772 |   6 | 1288.0 |
       Dungeon |   7728 |   7458 |    270 |   1529 |   4772 |   6 | 1288.0 |
               +--------+--------+--------+--------+--------+-----+--------+

Top non-repeatable levels by time:
     D:5: 1703 daAuts
     D:4: 1669 daAuts
     D:3: 1646 daAuts
     D:1: 1411 daAuts
     D:2: 1283 daAuts
     D:6: 13 daAuts
